 Dungeon Sprint DCSS version 0.21-a0-278-ga722497 (webtiles) character file.

43163 Kidiri the Tortoise (level 14, -8/106 HPs)
             Began as a Gargoyle Fighter on Sept 20, 2017.
             Was the Champion of Okawaru.
             Mangled by a vampire knight
             ... wielding a +0 long sword
              (19 damage)
             ... while paralysed by a vampire knight
             ... in the Dungeon (Sprint IX: "|||||||||||||||||||||||||||||").
             The game lasted 00:26:16 (3703 turns).

Kidiri the Tortoise (Gargoyle Fighter)              Turns: 3703, Time: 00:26:17

Health: -8/106     AC: 39    Str: 26    XL:     14   Next: 23%
Magic:  22/22      EV:  2    Int:  9    God:    Okawaru [******]
Gold:   493        SH:  0    Dex: 11    Spells: 13/13 levels left

rFire    . . .     SeeInvis .   a - +9 morningstar
rCold    . . .     Gourm    .   H - +1 large shield
rNeg     + . .     Faith    .   G - +2 plate armour
rPois    ∞         Spirit   .   y - +0 helmet
rElec    +         Reflect  .   r - +0 cloak
rCorr    .         Harm     .   j - +1 pair of gloves {Str+3}
MR       +....     Rnd*Rage +   (no boots) Stlth ..........NoTele +
                                (no amulet)
HPRegen  0.00/turn              b - +2 ring of evasion
MPRegen  0.18/turn              t - +2 ring of evasion

@: paralysed, heroism
A: big wings, talons 1, repulsion field 1, berserk 1, negative energy resistance
1, electricity resistance, inhibited regeneration, wild magic 1, unbreathing,
petrification resistance, rot immunity, AC +9
a: Fly, Heroism, Finesse, Renounce Religion


You were in the Dungeon.
You worshipped Okawaru.
Okawaru was exalted by your worship.
You were hungry.

You visited 1 branch You collected 1916 gold pieces.
You spent 1423 gold pieces at shops.

Inventory:

Hand Weapons
 a - a +9 morningstar (weapon)
Missiles
 K - 15 steel javelins (quivered)
Armour
 j - a +1 pair of gloves of strength (worn)
 q - a +1 pair of gloves of dexterity
 r - a +0 cloak (worn)
 y - a +0 helmet (worn)
 G - a +2 plate armour (worn)
 H - a +1 large shield (worn)
Jewellery
 b - a +2 ring of evasion (left hand)
 l - an uncursed ring of ice
 t - a +2 ring of evasion (right hand)
 v - an uncursed ring of positive energy
 A - an uncursed ring of protection from cold
 F - an uncursed ring of protection from cold
Wands
 p - a wand of lightning (4/15)
 B - a wand of scattershot (7/9)
Scrolls
 k - 7 scrolls of blinking
 n - 5 scrolls of remove curse
 o - 2 scrolls of amnesia
 w - 2 scrolls of identify
 C - 2 scrolls of fog
 E - a scroll of recharging
 I - 2 scrolls of enchant armour
Potions
 c - 3 potions of agility
 d - a potion of might
 e - a potion of invisibility
 g - 3 potions of heal wounds
 h - 2 potions of haste
 i - 4 potions of magic
 m - 6 potions of curing
 s - a potion of resistance
 u - a potion of berserk rage
 D - a potion of flight
Comestibles
 f - 14 bread rations
 x - 36 fruits
 z - 12 meat rations


   Skills:
 * Level 19.3(24.3) Fighting
 + Level 13.3(18.3) Maces & Flails
 + Level 3.6(8.6) Throwing
 * Level 19.4(24.4) Armour
 + Level 11.3(16.3) Dodging
 * Level 19.3(24.3) Shields
 + Level 11.6 Invocations


You had 13 spell levels left.
You didn't know any spells.

Dungeon Overview and Level Annotations

Branches:
Dungeon (1/1)

Altars:
Cheibriados
Dithmenos
Elyvilon
Fedhas
Gozag
Hepliaklqana
Kikubaaqudgha
Makhleb
Nemelex Xobeh
Okawaru
Qazlal
Ru
Sif Muna
Trog
Uskayaw
Vehumet
Wu Jian
Xom
Yredelemnul
Zin
The Shining One
Beogh
Jiyva
Lugonu

Shops:
D ?***


Innate Abilities, Weirdness & Mutations

You are resistant to torment.
Your stone body is resilient. (AC +9)
You are immune to poison.
Your large and strong wings let you fly indefinitely.
You resist negative energy. (rN+)
You are resistant to electric shocks. (rElec)
You can survive without breathing.
You are immune to petrification.
You are immune to rotting.
You have sharp toenails.
You are surrounded by a mild repulsion field. (EV +2)
You tend to lose your temper in combat.
You do not regenerate when monsters are visible.
Your spells are a little harder to cast, but a little more powerful.


Message History

Unknown command.
You block the yaktaur's attack.
Things that are here:
an uncursed shortbow; 22 arrows; a centaur corpse You bludgeon the yaktaur!!
You claw the yaktaur.
The yaktaur is severely wounded.
The yaktaur hits you! You block something's attack.
Something closely misses you.
You sock the yaktaur!
You kill the yaktaur!
Okawaru accepts your kill.
The yaktaur's shape twists and changes as it dies.
The ice dragon breathes frost at you. The blast of cold hits you!
* * * LOW HITPOINT WARNING * * *
The blast of cold hits something.
You hear some strange, mumbled words.
You suddenly lose the ability to move!
Something hits you!!
You die...

▓.▓.▓.▓(▓.▓.▓÷▓.▓.
▓.▓.▓.▓.▓.▓.▓÷▓.▓:
▓.▓.▓%▓(▓)▓.▓.▓.▓.
▓.▓.▓[▓(▓)▓.▓[▓.▓.
▓'▓.▓)▓(▓)▓.▓.▓.▓.
▓(▓.▓.▓(▓)▓.▓.▓.▓.
▓(▓.▓)▓(▓)▓.▓.▓.▓.
▓)▓.▓%▓(▓)▓.▓.▓.▓.
▓@▓.▓.▓)▓)▓.▓.▓.▓÷
▓†▓.▓.▓(▓)▓.▓.▓.▓.
▓D▓.▓.▓(▓.▓.▓.▓.▓.
▓O▓.▓)▓(▓[▓.▓.▓.▓.
▓R▓.♣[♣(▓.▓.▓.▓.▓.
▓.▓.♣)♣(▓.▓.▓.▓.▓.
▓.▓.♣.♣.▓[▓.▓)▓)▓.
▓D▓.♣.♣.▓[▓.▓.▓.▓.
▓.♣%♣.▓[▓.▓)▓(▓.


You could see a fire dragon, an ice dragon, a rakshasa and an ogre mage.

Vanquished Creatures
  Frances (D)
  A thorn hunter (D)
  A nagaraja (D)
  Aizul (D)
  A frost giant (D)
  2 stone giants (D)
  A very ugly thing (D)
  An entropy weaver (D)
  Nessos (D)
  A merfolk javelineer (D)
  A merfolk impaler (D)
  2 fire dragons (D)
  An ice dragon (D)
  Erolcha (D)
  A yaktaur captain (D)
  2 rakshasas (D)
  An anaconda (D)
  2 centaur warriors (D)
  An alligator snapping turtle (D)
  An alligator (D)
  6 orc high priests (D)
  A shock serpent (D)
  A vampire mage (D)
  Sonja (D)
  A sea snake (D)
  2 swamp dragons (D)
  A naga ritualist (D)
  2 spriggan druids (D)
  An orc knight (D)
  A harpy (D)
  2 orb spiders (D)
  2 cyclopes (D)
  An ugly thing (D)
  A manticore (D)
  A moth of wrath (D)
  5 black mambas (D)
  2 water nymphs (D)
  A guardian serpent (shapeshifter) (D)
  3 spiny frogs (D)
  A komodo dragon (D)
  A yaktaur (D)
  A rime drake (D)
  A yaktaur (shapeshifter) (D)
  A merfolk (D)
  A meliai (D)
  A troll (D)
  A jumping spider (D)
  5 polar bears (D)
  A slime creature (D)
  A snapping turtle (D)
  2 redbacks (D)
  A shadow (D)
  2 tarantellas (D)
  A naga (D)
  4 porcupines (D)
  2 swamp drakes (D)
  A sky beast (D)
  An eye of draining (D)
  4 black bears (D)
  An ogre (D)
  11 orc warriors (D)
  4 crocodiles (D)
  4 bullfrogs (D)
  2 scorpions (D)
  A crimson imp (D)
  A jelly (D)
  9 orc priests (D)
  A worker ant (D)
  4 orc wizards (D)
  An adder skeleton (D)
  An adder zombie (D)
  2 dart slugs (D)
  11 orcs (D)
  A bat zombie (D)
  A goblin (D)
  A bat (D)
  A kobold (D)
  A leopard gecko skeleton (D)
  A rat (D)
151 creatures vanquished.

Notes
Turn   | Place    | Note
-------+----------+-------------------------------------------
     0 | D        | Kidiri the Gargoyle Fighter began the quest for the Orb.
     0 | D        | Reached XP level 1. HP: 14/14 MP: 1/1
   105 | D        | Noticed a scorpion
   107 | D        | Reached skill level 1 in Dodging
   107 | D        | Reached XP level 2. HP: 20/20 MP: 2/2
   135 | D        | Killed a scorpion
   135 | D        | Reached skill level 5 in Fighting
   135 | D        | Reached skill level 5 in Armour
   135 | D        | Reached skill level 5 in Shields
   135 | D        | Reached XP level 3. HP: 8/26 MP: 3/3
   135 | D        | Reached XP level 4. HP: 10/31 MP: 4/4
   152 | D        | Found a roughly hewn altar of Beogh.
   152 | D        | Found a snail-covered altar of Cheibriados.
   152 | D        | Found a shadowy altar of Dithmenos.
   152 | D        | Found a white marble altar of Elyvilon.
   152 | D        | Found a blossoming altar of Fedhas.
   152 | D        | Found an opulent altar of Gozag.
   153 | D        | Found a hazy altar of Hepliaklqana.
   154 | D        | Found a viscous altar of Jiyva.
   155 | D        | Found an ancient bone altar of Kikubaaqudgha.
   156 | D        | Found a corrupted altar of Lugonu.
   157 | D        | Found a burning altar of Makhleb.
   158 | D        | Found a sparkling altar of Nemelex Xobeh.
   159 | D        | Found an iron altar of Okawaru.
   160 | D        | Found a stormy altar of Qazlal.
   161 | D        | Found a sacrificial altar of Ru.
   162 | D        | Found a deep blue altar of Sif Muna.
   163 | D        | Found a bloodstained altar of Trog.
   164 | D        | Found a hide-covered altar of Uskayaw.
   165 | D        | Found a radiant altar of Vehumet.
   166 | D        | Found an ornate altar of the Wu Jian Council.
   167 | D        | Became a worshipper of Warmaster Okawaru
   168 | D        | Found a shimmering altar of Xom.
   169 | D        | Found a basalt altar of Yredelemnul.
   170 | D        | Found a glowing silver altar of Zin.
   171 | D        | Found a glowing golden altar of the Shining One.
   355 | D        | Noticed an orc warrior
   355 | D        | Noticed a troll
   355 | D        | Noticed a sky beast
   363 | D        | Killed an orc warrior
   363 | D        | Reached XP level 5. HP: 30/37 MP: 5/5
   375 | D        | Killed a troll
   375 | D        | Reached * piety under Okawaru
   375 | D        | Reached ** piety under Okawaru
   375 | D        | Reached skill level 5 in Maces & Flails
   375 | D        | Reached XP level 6. HP: 13/45 MP: 6/6
   387 | D        | Reached XP level 7. HP: 31/50 MP: 7/7
   401 | D        | Gained mutation: You have sharp toenails. [mutagenic meat]
   402 | D        | Gained mutation: You are surrounded by a mild repulsion field. (EV +2) [mutagenic meat]
   403 | D        | Gained mutation: You do not regenerate when monsters are visible. [mutagenic meat]
   404 | D        | Gained mutation: You tend to lose your temper in combat. [mutagenic meat]
   405 | D        | Gained mutation: You are agile. (Dex +2) [mutagenic meat]
   406 | D        | Lost mutation: You are agile. (Dex +2) [mutagenic meat]
   615 | D        | Reached *** piety under Okawaru
   615 | D        | Reached skill level 10 in Shields
   615 | D        | Reached XP level 8. HP: 52/57 MP: 2/8
   625 | D        | Reached skill level 10 in Armour
   631 | D        | Reached skill level 10 in Fighting
   631 | D        | Reached skill level 5 in Dodging
   796 | D        | Noticed a komodo dragon
   800 | D        | Noticed a black mamba
   806 | D        | Killed a komodo dragon
   825 | D        | Reached **** piety under Okawaru
   825 | D        | Reached XP level 9. HP: 32/64 MP: 9/9
   830 | D        | Killed a black mamba
  1031 | D        | Noticed a spiny frog
  1031 | D        | Noticed a spiny frog
  1033 | D        | Noticed a spiny frog
  1040 | D        | Killed a spiny frog
  1050 | D        | Noticed a rime drake
  1053 | D        | Killed a spiny frog
  1053 | D        | Reached ***** piety under Okawaru
  1058 | D        | Killed a spiny frog
  1058 | D        | Reached XP level 10. HP: 72/72 MP: 10/10
  1118 | D        | Reached skill level 1 in Invocations
  1350 | D        | Noticed Sonja
  1372 | D        | Killed Sonja
  1386 | D        | Noticed Erolcha
  1396 | D        | Killed Erolcha
  1396 | D        | Received a gift from Okawaru
  1836 | D        | Noticed an orc knight
  1856 | D        | Killed an orc knight
  1856 | D        | Reached XP level 11. HP: 80/80 MP: 7/14
  2037 | D        | Found Odit's Magic Scroll Emporium.
  2037 | D        | Noticed an orc high priest
  2043 | D        | Found Woderch's Assorted Antiques.
  2047 | D        | Reached skill level 5 in Invocations
  2055 | D        | Killed an orc high priest
  2062 | D        | Noticed an orc high priest
  2062 | D        | Found Zeodgh's General Store.
  2063 | D        | Noticed an orc high priest
  2064 | D        | Found Tanaas's Assorted Antiques.
  2064 | D        | Noticed an orc high priest
  2072 | D        | Killed an orc high priest
  2076 | D        | Noticed an orc high priest
  2083 | D        | Noticed an orc high priest
  2085 | D        | Killed an orc high priest
  2085 | D        | Reached skill level 10 in Maces & Flails
  2096 | D        | Killed an orc high priest
  2096 | D        | Reached skill level 15 in Fighting
  2096 | D        | Reached skill level 15 in Armour
  2096 | D        | Reached skill level 15 in Shields
  2099 | D        | Noticed a soul eater
  2102 | D        | Killed an orc high priest
  2107 | D        | Noticed a sixfirhy
  2109 | D        | Killed an orc high priest
  2156 | D        | Bought a scroll of identify for 26 gold pieces
  2156 | D        | Bought a scroll of enchant weapon for 97 gold pieces
  2156 | D        | Bought a scroll of enchant weapon for 97 gold pieces
  2156 | D        | Bought a scroll of blinking for 97 gold pieces
  2156 | D        | Bought a scroll of identify for 26 gold pieces
  2156 | D        | Bought a scroll of identify for 26 gold pieces
  2156 | D        | Bought a scroll of identify for 26 gold pieces
  2156 | D        | Bought a scroll of enchant weapon for 97 gold pieces
  2161 | D        | Bought a scroll labeled AMYUWN URRURR for 16 gold pieces
  2161 | D        | Bought a scroll of blinking for 120 gold pieces
  2161 | D        | Bought a glowing bone wand for 64 gold pieces
  2161 | D        | Bought a potion of curing for 48 gold pieces
  2161 | D        | Bought a scroll of identify for 32 gold pieces
  2161 | D        | Bought a potion of heal wounds for 80 gold pieces
  2163 | D        | Bought a potion of haste for 100 gold pieces
  2163 | D        | Bought a potion of curing for 30 gold pieces
  2165 | D        | Bought 2 scrolls labeled GECUOH VOROKH for 48 gold pieces
  2165 | D        | Bought a scroll of identify for 48 gold pieces
  2165 | D        | Bought a bubbling cyan potion for 21 gold pieces
  2165 | D        | Bought a scroll of blinking for 180 gold pieces
  2165 | D        | Bought a scroll labeled BIASUF JEYROE for 24 gold pieces
  2165 | D        | Bought a potion of heal wounds for 120 gold pieces
  2534 | D        | Noticed a centaur warrior
  2534 | D        | Noticed a cyclops
  2534 | D        | Noticed a manticore
  2534 | D        | Noticed a cyclops
  2538 | D        | Killed a centaur warrior
  2539 | D        | Noticed a yaktaur captain
  2545 | D        | Killed a cyclops
  2546 | D        | Noticed a stone giant
  2552 | D        | Killed a manticore
  2556 | D        | Reached XP level 12. HP: 49/88 MP: 9/17
  2557 | D        | Noticed a fire dragon
  2561 | D        | Noticed a fire dragon
  2567 | D        | Killed a yaktaur captain
  2577 | D        | Killed a stone giant
  2577 | D        | Received a gift from Okawaru
  2584 | D        | Noticed a frost giant
  2595 | D        | Killed a fire dragon
  2602 | D        | HP: 1/88 [fire dragon/blast of flame (21)]
  2609 | D        | Killed a fire dragon
  2639 | D        | Killed a frost giant
  2942 | D        | Noticed Nessos
  2975 | D        | Killed Nessos
  3021 | D        | Noticed a nagaraja
  3021 | D        | Noticed a shock serpent
  3026 | D        | Noticed an anaconda
  3032 | D        | Killed a nagaraja
  3049 | D        | Killed an anaconda
  3049 | D        | Reached XP level 13. HP: 91/96 MP: 13/20
  3061 | D        | Reached skill level 10 in Dodging
  3140 | D        | Noticed a thorn hunter
  3157 | D        | Received a gift from Okawaru
  3166 | D        | Killed a thorn hunter
  3166 | D        | Reached skill level 10 in Invocations
  3279 | D        | Noticed an entropy weaver
  3289 | D        | Killed an entropy weaver
  3305 | D        | Reached ****** piety under Okawaru
  3339 | D        | Noticed a merfolk javelineer
  3343 | D        | Noticed a merfolk impaler
  3346 | D        | Killed a merfolk javelineer
  3346 | D        | Received a gift from Okawaru
  3373 | D        | Killed a merfolk impaler
  3521 | D        | Noticed Aizul
  3541 | D        | Killed Aizul
  3541 | D        | Reached skill level 1 in Throwing
  3545 | D        | Gained mutation: Your spells are a little harder to cast, but a little more powerful. [mutagenic meat]
  3578 | D        | Noticed Frances
  3591 | D        | Killed Frances
  3626 | D        | Noticed a rakshasa
  3626 | D        | Noticed a stone giant
  3626 | D        | Noticed a rakshasa
  3626 | D        | Noticed an ice dragon
  3626 | D        | Noticed a green very ugly thing
  3634 | D        | Killed a rakshasa
  3634 | D        | Gained mutation: Your large and strong wings let you fly indefinitely. [Gargoyle growth]
  3634 | D        | Reached XP level 14. HP: 104/104 MP: 22/22
  3643 | D        | Killed a stone giant
  3643 | D        | Received a gift from Okawaru
  3655 | D        | Noticed a vampire knight
  3661 | D        | Killed a green very ugly thing
  3702 | D        | Paralysed by something for 2 turns
  3703 | D        | Mangled by a vampire knight

Vault maps used:
D:        linesprint

Skill      XL: |  1  2  3  4  5  6  7  8  9 10 11 12 13 14 |
---------------+-------------------------------------------+-----
Armour         | 4 5 6 8 9 11 12 14 15 17 18 19 | 19.4
Fighting       | 4 5 6 8 9 11 12 14 15 17 18 19 | 19.3
Dodging        | 1 2 4 5 6 7 8 9 11 | 11.3
Shields        | 5 6 8 10 11 12 14 15 17 18 19 | 19.3
Maces & Flails | 3 4 5 6 7 8 9 10 11 13 | 13.3
Invocations    | 4 7 9 11 | 11.6
Throwing       | 2 3 |  3.6

Action                   |  1- 3 |  4- 6 |  7- 9 | 10-12 | 13-15 || total
-------------------------+-------+-------+-------+-------+-------++-------
Melee: Flail             |    64 |    35 |    54 |       |       ||   153
       Kick              |       |       |    33 |   102 |    85 ||   220
       Morningstar       |       |       |    68 |   330 |   213 ||   611
Invok: Heroism           |       |       |     3 |    17 |     6 ||    26
       Finesse           |       |       |       |    11 |     5 ||    16
Evoke: Wand              |       |       |       |     3 |       ||     3
  Use: Potion            |     1 |     3 |       |     9 |       ||    13
       Scroll            |       |       |     4 |    11 |       ||    15
 Stab: Confused          |       |       |       |       |     1 ||     1
  Eat: Chunk             |       |       |     7 |     5 |     1 ||    13
       Fruit             |       |       |       |     4 |       ||     4
Armor: Scale mail        |    28 |     9 |    10 |       |       ||    47
       Plate armour      |       |       |    20 |    80 |    25 ||   125
Dodge: Dodged            |    11 |    21 |    39 |    77 |    34 ||   182
Block: Shield            |    40 |    16 |    53 |   101 |       ||   210
       Large shield      |       |       |       |    86 |   108 ||   194

Table legend:
 A = Spawn XP
 B = Non-spawn XP
 C = Spawn XP percentage of total XP
 D = Spawn monster count
 E = Non-spawn monster count
 F = Spawn count percentage of total count
 G = Total turns spent on level
                    A         B        C        D         E        F      G
               +---------+---------+-------+---------+---------+-------+---------
         Total |       0 |   61662 |   0.0 |       0 |     151 |   0.0 |  3703
               +---------+---------+-------+---------+---------+-------+---------
             D |       0 |   61662 |   0.0 |       0 |     151 |   0.0 |  3703
               +---------+---------+-------+---------+---------+-------+---------
